 Dungeon Crawl Stone Soup version 0.26-a0-670-g578ab304f5 (webtiles) character file.

Game seed: 14088687602450966418

127 Kinoniko the Slasher (level 4, 0/34 HPs)
             Began as a Vampire Fighter on Oct 19, 2020.
             Succumbed to a scorpion's poison
             ... on level 2 of the Dungeon.
             The game lasted 00:02:05 (1135 turns).

Kinoniko the Slasher (Vampire Fighter)              Turns: 1135, Time: 00:02:05

Health: 0/34       AC:  7    Str: 16    XL:     4   Next: 85%
Magic:  4/4        EV:  9    Int: 10    God:
Gold:   36         SH:  0    Dex: 13    Spells: 3/3 levels left

rFire    . . .     SeeInvis +   a - +0 long sword
rCold    . . .     Faith    .   (no shield)
rNeg     . . .     Spirit   .   b - +0 scale mail
rPois    .         Reflect  .   d - +0 helmet
rElec    .         Harm     .   (no cloak)
rCorr    .         Rampage  .   (no gloves)
MR       .....                  (no boots)
Stlth    +.........             (no amulet)
HPRegen  0.31/turn              (no ring)
MPRegen  0.09/turn              (no ring)

@: lethally poisoned (0 -> -17), regenerating quickly
A: fangs 3, see invisible, unbreathing
a: Exsanguinate


You were on level 2 of the Dungeon.
You visited 1 branch of the dungeon, and saw 2 of its levels.

You collected 36 gold pieces.

Inventory:

Hand Weapons
 a - a +0 long sword (weapon)
Armour
 b - a +0 scale mail (worn)
 c - a +0 kite shield
 d - a +0 helmet (worn)
Jewellery
 f - an uncursed amulet of faith {unknown}
Scrolls
 g - 2 scrolls of identify {unknown}
 h - 3 scrolls of fog {unknown}
 j - a scroll of immolation {unknown}


   Skills:
 - Level 2.6 Fighting
 * Level 4.5 Long Blades
 - Level 2.4 Armour
 + Level 3.5 Stealth
 - Level 2.6 Shields


You had 3 spell levels left.
You didn't know any spells.
Your spell library was empty.

Dungeon Overview and Level Annotations

Branches:
Dungeon (2/15)

Altars:


Innate Abilities, Weirdness & Mutations

Your natural rate of healing is unusually fast.
You have razor-sharp teeth.
You have supernaturally acute eyesight. (SInv)
You can survive without breathing.


Message History

* * * LOW HITPOINT WARNING * * *
You are more poisoned.
The scorpion poisons you!
You hit the scorpion but do no damage.
The scorpion is heavily wounded.
* * * LOW HITPOINT WARNING * * *
You feel very sick. The scorpion stings you.
* * * LOW HITPOINT WARNING * * *
You hit the scorpion.
The scorpion is almost dead.
* * * LOW HITPOINT WARNING * * *
You feel very sick.
The scorpion stings you but does no damage.
You hit the scorpion.
You kill the scorpion!
Your Stealth skill increases to level 3!
* * * LOW HITPOINT WARNING * * *
You feel sick.
You die...

##.....# .......#
####.#.###########
#.#.......(...#
#.###########.####
#+# ####......#
#.(....##.#
#.##.#.# # # #.#@#
#...>..# +.......#
##.......
#.......#
#.#.##.## # #. #.
# #<


There were no monsters in sight!

Vanquished Creatures
  A scorpion (D:2)
  Robin (D:2)
  2 adders (D:2)
  A dart slug (D:1)
  A leopard gecko (D:2)
  7 hobgoblins
  4 jackals (D:1)
  2 bats
  A frilled lizard (D:2)
  16 goblins
  3 kobolds (D:1)
  5 rats
44 creatures vanquished.

Notes
Turn   | Place    | Note
-------+----------+-------------------------------------------
     0 | D:1      | Kinoniko the Vampire Fighter began the quest for the Orb.
     0 | D:1      | Reached XP level 1. HP: 17/17 MP: 1/1
   158 | D:1      | Reached XP level 2. HP: 23/23 MP: 2/2
   240 | D:1      | Reached skill level 3 in Long Blades
   276 | D:1      | Reached skill level 1 in Stealth
   665 | D:2      | Reached XP level 3. HP: 28/28 MP: 3/3
   950 | D:2      | Noticed Robin
   972 | D:2      | Killed Robin
   972 | D:2      | Reached XP level 4. HP: 24/34 MP: 4/4
  1114 | D:2      | Reached skill level 4 in Long Blades
  1134 | D:2      | HP: 1/34 [poisoned by a scorpion]
  1135 | D:2      | Succumbed to a scorpion's poison

Illustrated notes

Levels and vault maps discovered:
D:1:      dpeg_arrival_tiny_i, layout_loops_ring
D:2:      layout_loops_corners, minmay_crystal_room, uniq_robin, uniq_sigmund

Skill      XL: |  1  2  3  4 |
---------------+-------------+-----
Long Blades    | 3 4 |  4.5
Stealth        | 1 2 3 |  3.5
Fighting       | |  2.6
Armour         | |  2.4
Shields        | |  2.6

Action                   |  1- 3 |  4- 6 || total
-------------------------+-------+-------++-------
Melee: Long sword        |    84 |    25 ||   109
       Bite              |    11 |     2 ||    13
  Use: Potion            |     1 |     3 ||     4
Armor: Scale mail        |    45 |     9 ||    54
Dodge: Dodged            |    36 |    10 ||    46
       Rpst.: Long sword |    12 |     3 ||    15

Table legend: (Time is in decaauts)
 A = Elapsed time spent in this place.
 B = Non-inter-level travel time spent in this place.
 C = Inter-level travel time spent in this place.
 D = Time resting spent in this place.
 E = Time spent auto-exploring this place.
 F = Levels seen in this place.
 G = Mean time per level.
                   A        B        C        D        E       F      G
               +--------+--------+--------+--------+--------+-----+--------+
         Total |   1160 |   1142 |     18 |    120 |    788 |   2 |  580.0 |
       Dungeon |   1160 |   1142 |     18 |    120 |    788 |   2 |  580.0 |
               +--------+--------+--------+--------+--------+-----+--------+

Top non-repeatable levels by time:
     D:1: 672 daAuts
     D:2: 488 daAuts
